| TOP OF THE 1ST |
|
Lowell Spinners batting - Pitching for Spokane Indians : RHP Javier Cabrera
|
|
Pitching: RHP Javier Cabrera
|
|
|
Batting: RHB Sal Rivera
|
0-0: Foul Ball, location: 2F 0-1: Swinging Strike 0-2: Ball 1-2: Ball 2-2: Strikes out swinging
|
|
Batting: RHB Andy Garvin
|
0-0: Ball 1-0: Fly out, F9 (Flyball, 89M, EV 93.1 MPH)
|
|
Batting: LHB Frank Olivo
|
0-0: Ball 1-0: Called Strike 1-1: Ground out 5-3 (Groundball, 5, EV 90.0 MPH)
|
| Top of the 1st over - 0 runs, 0 hits, 0 errors, 0 left on base; Lowell 0 - Spokane 0 |
| BOTTOM OF THE 1ST |
|
Spokane Indians batting - Pitching for Lowell Spinners : RHP Javier Trujillo
|
|
Pitching: RHP Javier Trujillo
|
|
|
Batting: RHB Orlando Melchor
|
0-0: Swinging Strike 0-1: Ball 1-1: Swinging Strike 1-2: Ball 2-2: Strikes out swinging
|
|
Batting: LHB Jesus Romero
|
0-0: Called Strike 0-1: Foul Ball, location: 2F 0-2: Ball 1-2: Foul Ball, location: 2F 1-2: Ball 2-2: Ball 3-2: Base on Balls
|
|
Pitching: RHP Alex Sandidge
|
|
|
Batting: LHB Gabriel Graves
|
0-0: Ball Jesus Romero steals 2nd base 1-0: Ball 2-0: Foul Ball, location: 2F 2-1: Ball 3-1: Called Strike 3-2: Base on Balls
|
|
Batting: LHB Paul Perry
|
0-0: Foul Ball, location: 2F 0-1: Ball 1-1: Foul Ball, location: 2F 1-2: Foul Ball, location: 2F 1-2: Ball 2-2: Foul Ball, location: 2F 2-2: Ball 3-2: SINGLE (Groundball, 4D, EV 98.8 MPH) Jesus Romero to third Gabriel Graves to second Runner from 3rd tries for Home, SAFE, throw by CF to home
|
|
Batting: LHB Dave Doughty
|
0-0: Foul Ball, location: 2F 0-1: TRIPLE (Line Drive, 8LXD, EV 107.5 MPH) Gabriel Graves scores Paul Perry scores
|
|
Batting: LHB Mike Sammons
|
0-0: Foul Ball, location: 2F 0-1: Ball 1-1: Foul Ball, location: 2F 1-2: Ball 2-2: Ball 3-2: SINGLE (Groundball, 4MD, EV 97.5 MPH) Dave Doughty scores
|
|
Batting: RHB Darnell Jones
|
0-0: Called Strike 0-1: Reached on error, E5 (Groundball, 56S, EV 91.2 MPH) Mike Sammons to second
|
|
Batting: RHB Luis Reyna
|
0-0: Ball 1-0: Called Strike 1-1: Foul Ball, location: 2F 1-2: Foul Ball, location: 2F 1-2: Fielders Choice at 2nd, 4-6 (Groundball, 4, EV 83.8 MPH) Mike Sammons to third
|
|
Batting: LHB Casper Kersten
|
0-0: Ball 1-0: Ball 2-0: Called Strike 2-1: Called Strike 2-2: Ball 3-2: Strikes out swinging
|
| Bottom of the 1st over - 4 runs, 3 hits, 1 error, 2 left on base; Lowell 0 - Spokane 4 |
| TOP OF THE 2ND |
|
Lowell Spinners batting - Pitching for Spokane Indians : RHP Javier Cabrera
|
|
Batting: RHB Alex Cardenas
|
0-0: Ball 1-0: Swinging Strike 1-1: Swinging Strike 1-2: Fly out, F8 (Flyball, 8LS, EV 73.1 MPH)
|
|
Batting: RHB Paul Long
|
0-0: Ball 1-0: Ball 2-0: Called Strike 2-1: Fly out, F9 (Flyball, 9S, EV 85.6 MPH)
|
|
Batting: RHB Joe Sandoval
|
0-0: Called Strike 0-1: Foul Ball, location: 2F 0-2: SINGLE (Groundball, 56S, EV 74.4 MPH) (infield hit)
|
|
Batting: RHB Travis Campbell
|
0-0: Called Strike 0-1: Called Strike 0-2: Foul Ball, location: 2F 0-2: Ground out 1-3 (Groundball, 34S, EV 68.1 MPH)
|
| Top of the 2nd over - 0 runs, 1 hit, 0 errors, 1 left on base; Lowell 0 - Spokane 4 |
| BOTTOM OF THE 2ND |
|
Spokane Indians batting - Pitching for Lowell Spinners : RHP Alex Sandidge
|
|
Batting: RHB Orlando Melchor
|
0-0: Ball 1-0: Ball 2-0: Called Strike 2-1: Foul Ball, location: 2F 2-2: Ball 3-2: Foul Ball, location: 2F 3-2: Base on Balls
|
|
Batting: LHB Jesus Romero
|
0-0: Called Strike 0-1: SINGLE (Line Drive, 6M, EV 98.8 MPH) Orlando Melchor to second
|
|
Batting: LHB Gabriel Graves
|
0-0: Called Strike 0-1: Ball 1-1: SINGLE (Groundball, 56D, EV 97.5 MPH) Orlando Melchor to third Jesus Romero to second Runner from 3rd tries for Home, SAFE, throw by LF to home
|
|
Pitching: LHP Chris Woodruff
|
|
|
Batting: LHB Paul Perry
|
0-0: Ball 1-0: Ball 2-0: Ball 3-0: Base on Balls Jesus Romero to third Gabriel Graves to second
|
|
Batting: LHB Dave Doughty
|
0-0: Ball 1-0: Swinging Strike 1-1: Swinging Strike 1-2: Foul Ball, location: 2F 1-2: Strikes out swinging
|
|
Batting: LHB Mike Sammons
|
0-0: Swinging Strike 0-1: Swinging Strike 0-2: Ball 1-2: Strikes out swinging
|
|
Batting: RHB Darnell Jones
|
0-0: Ball 1-0: Ball 2-0: Foul Ball, location: 2F 2-1: Ball 3-1: Called Strike 3-2: Foul Ball, location: 2F 3-2: Foul Ball, location: 2F 3-2: Base on Balls Jesus Romero scores Gabriel Graves to third Paul Perry to second
|
|
Batting: RHB Luis Reyna
|
0-0: Ball 1-0: Ball 2-0: SINGLE (Line Drive, 56, EV 96.9 MPH) Gabriel Graves scores Paul Perry to third Darnell Jones to second Runner from 3rd tries for Home, SAFE, throw by LF to home
|
|
Batting: LHB Casper Kersten
|
0-0: Ball Wild Pitch! Darnell Jones to third Luis Reyna to second 1-0: Ball 2-0: Ball 3-0: Called Strike 3-1: Called Strike 3-2: Foul Ball, location: 2F 3-2: Base on Balls
|
|
Batting: RHB Orlando Melchor
|
0-0: Ball Wild Pitch! Darnell Jones scores Luis Reyna to third Casper Kersten to second 1-0: Ball 2-0: Called Strike 2-1: Swinging Strike 2-2: Foul Ball, location: 2F 2-2: Ground out 5-3 (Groundball, 56, EV 100.0 MPH)
|
| Bottom of the 2nd over - 5 runs, 3 hits, 0 errors, 2 left on base; Lowell 0 - Spokane 9 |
| TOP OF THE 3RD |
|
Lowell Spinners batting - Pitching for Spokane Indians : RHP Javier Cabrera
|
|
Batting: RHB Dominique Paolozzi
|
0-0: Called Strike 0-1: Ball 1-1: Called Strike 1-2: Ball 2-2: Ball 3-2: Strikes out looking
|
|
Batting: LHB Joel Soto
|
0-0: Called Strike 0-1: Swinging Strike 0-2: Ball 1-2: Ball 2-2: Strikes out swinging
|
|
Batting: RHB Sal Rivera
|
0-0: Called Strike 0-1: Swinging Strike 0-2: Ball 1-2: Ball 2-2: Foul Ball, location: 2F 2-2: Ball 3-2: Strikes out looking
|
| Top of the 3rd over - 0 runs, 0 hits, 0 errors, 0 left on base; Lowell 0 - Spokane 9 |
| BOTTOM OF THE 3RD |
|
Spokane Indians batting - Pitching for Lowell Spinners : LHP Chris Woodruff
|
|
Batting: LHB Jesus Romero
|
0-0: Ball 1-0: Swinging Strike 1-1: Swinging Strike 1-2: Foul Ball, location: 2F 1-2: TRIPLE (Flyball, 89XD, EV 98.8 MPH)
|
|
Batting: LHB Gabriel Graves
|
0-0: Ball 1-0: Called Strike 1-1: Ball 2-1: Ground out 5-3 (Groundball, 56, EV 86.9 MPH) Jesus Romero scores
|
|
Batting: LHB Paul Perry
|
0-0: Ball 1-0: Ball 2-0: Ball 3-0: Base on Balls
|
|
Batting: LHB Dave Doughty
|
0-0: Ball 1-0: Foul Ball, location: 2F 1-1: Called Strike 1-2: Strikes out looking
|
|
Batting: LHB Mike Sammons
|
0-0: Ball 1-0: Called Strike 1-1: Called Strike 1-2: Strikes out swinging
|
| Bottom of the 3rd over - 1 run, 1 hit, 0 errors, 1 left on base; Lowell 0 - Spokane 10 |
| TOP OF THE 4TH |
|
Lowell Spinners batting - Pitching for Spokane Indians : RHP Javier Cabrera
|
|
Batting: RHB Andy Garvin
|
0-0: Called Strike 0-1: Foul Ball, location: 2F 0-2: Ball 1-2: Ball 2-2: Strikes out swinging
|
|
Batting: LHB Frank Olivo
|
0-0: Fly out, F2 (Popup, 23F, EV 90.6 MPH)
|
|
Batting: RHB Alex Cardenas
|
0-0: Reached on error, E4 (Groundball, 4M, EV 103.8 MPH)
|
|
Batting: RHB Paul Long
|
0-0: Swinging Strike 0-1: Called Strike 0-2: Strikes out swinging
|
| Top of the 4th over - 0 runs, 0 hits, 1 error, 1 left on base; Lowell 0 - Spokane 10 |
| BOTTOM OF THE 4TH |
|
Spokane Indians batting - Pitching for Lowell Spinners : LHP Chris Woodruff
|
|
Pitching: RHP Perry Mills
|
|
|
Batting: RHB Darnell Jones
|
0-0: Ball 1-0: Foul Ball, location: 2F 1-1: Reached on error, E1 (Groundball, 15S, EV 72.5 MPH)
|
|
Batting: RHB Luis Reyna
|
0-0: Foul Ball, location: 2F 0-1: Ball 1-1: TRIPLE (Line Drive, 9D, EV 108.1 MPH) Darnell Jones scores
|
|
Batting: LHB Casper Kersten
|
0-0: Ball 1-0: Fly out, F9 (Line Drive, 9, EV 105.0 MPH)
|
|
Batting: RHB Orlando Melchor
|
0-0: Swinging Strike 0-1: Ball 1-1: Ball 2-1: Called Strike 2-2: Ball 3-2: Ground out 6-3 (Groundball, 6, EV 90.6 MPH) Luis Reyna scores
|
|
Batting: LHB Jesus Romero
|
0-0: Foul Ball, location: 2F 0-1: Ball 1-1: Foul Ball, location: 2F 1-2: Ball 2-2: Hit by Pitch
|
|
Batting: LHB Gabriel Graves
|
0-0: Ball 1-0: Ball Wild Pitch! Jesus Romero to second 2-0: Foul Ball, location: 2F 2-1: Swinging Strike 2-2: Ball 3-2: DOUBLE (Line Drive, 78M, EV 85.6 MPH) Jesus Romero scores
|
|
Batting: LHB Paul Perry
|
0-0: Foul Ball, location: 2F 0-1: Ball 1-1: Ball 2-1: Fly out, F3 (Line Drive, 3, EV 66.9 MPH)
|
| Bottom of the 4th over - 3 runs, 2 hits, 1 error, 1 left on base; Lowell 0 - Spokane 13 |
| TOP OF THE 5TH |
|
Lowell Spinners batting - Pitching for Spokane Indians : RHP Javier Cabrera
|
|
Batting: RHB Joe Sandoval
|
0-0: Foul Ball, location: 2F 0-1: Swinging Strike 0-2: Foul Ball, location: 2F 0-2: Strikes out swinging
|
|
Batting: RHB Travis Campbell
|
0-0: Called Strike 0-1: Ball 1-1: Ball 2-1: Ball 3-1: Foul Ball, location: 2F 3-2: Strikes out looking
|
|
Batting: RHB Dominique Paolozzi
|
0-0: Ball 1-0: Ground out 6-3 (Groundball, 6, EV 86.9 MPH)
|
| Top of the 5th over - 0 runs, 0 hits, 0 errors, 0 left on base; Lowell 0 - Spokane 13 |
| BOTTOM OF THE 5TH |
|
Spokane Indians batting - Pitching for Lowell Spinners : RHP Perry Mills
|
|
Batting: LHB Dave Doughty
|
0-0: Ball 1-0: Called Strike 1-1: Called Strike 1-2: SINGLE (Groundball, 56S, EV 74.4 MPH) (infield hit)
|
|
Batting: LHB Mike Sammons
|
0-0: Called Strike 0-1: SINGLE (Groundball, 3D, EV 105.0 MPH) Dave Doughty to second Runner from 2nd tries for 3rd, SAFE, no throw by RF
|
|
Batting: RHB Darnell Jones
|
0-0: Called Strike 0-1: Ball 1-1: Ball 2-1: Swinging Strike 2-2: Ball 3-2: Fielders Choice at 2nd, 3-6 (Groundball, 34, EV 82.5 MPH) Dave Doughty scores
|
|
Batting: RHB Luis Reyna
|
0-0: Fly out, F4 (Popup, 4, EV 61.9 MPH)
|
|
Batting: LHB Casper Kersten
|
0-0: Ball 1-0: Swinging Strike 1-1: Foul Ball, location: 2F 1-2: Strikes out swinging, 2-3 out at first.
|
| Bottom of the 5th over - 1 run, 2 hits, 0 errors, 1 left on base; Lowell 0 - Spokane 14 |
| TOP OF THE 6TH |
|
Lowell Spinners batting - Pitching for Spokane Indians : RHP Javier Cabrera
|
|
Batting: LHB Joel Soto
|
0-0: Ball 1-0: Ball 2-0: Called Strike 2-1: Fly out, F3 (Line Drive, 3L, EV 69.4 MPH)
|
|
Batting: RHB Sal Rivera
|
0-0: Ball 1-0: Foul Ball, location: 2F 1-1: Ball 2-1: DOUBLE (Flyball, 8RXD, EV 100.0 MPH)
|
|
Batting: RHB Andy Garvin
|
0-0: Ball 1-0: Ball 2-0: Swinging Strike 2-1: Ball 3-1: Base on Balls
|
|
Batting: LHB Frank Olivo
|
0-0: Called Strike 0-1: Ball 1-1: Called Strike 1-2: Ball 2-2: Ball 3-2: Strikes out looking
|
|
Batting: RHB Alex Cardenas
|
0-0: Ball 1-0: Called Strike 1-1: Fly out, F7 (Line Drive, 78M, EV 88.8 MPH)
|
| Top of the 6th over - 0 runs, 1 hit, 0 errors, 2 left on base; Lowell 0 - Spokane 14 |
| BOTTOM OF THE 6TH |
|
Spokane Indians batting - Pitching for Lowell Spinners : RHP Perry Mills
|
|
Pitching: LHP Neil Palazzo
|
|
|
Batting: RHB Orlando Melchor
|
0-0: Foul Ball, location: 2F 0-1: Ball 1-1: Ground out 6-3 (Groundball, 6MD, EV 104.4 MPH)
|
|
Batting: LHB Jesus Romero
|
0-0: Ball 1-0: Called Strike 1-1: Foul Ball, location: 2F 1-2: Strikes out looking
|
|
Batting: LHB Gabriel Graves
|
0-0: Called Strike 0-1: Ground out U3 (Groundball, 34S, EV 82.5 MPH)
|
| Bottom of the 6th over - 0 runs, 0 hits, 0 errors, 0 left on base; Lowell 0 - Spokane 14 |
| TOP OF THE 7TH |
|
Lowell Spinners batting - Pitching for Spokane Indians : RHP Javier Cabrera
|
|
Pitching: RHP Chris Lincecum II
|
|
|
Batting: RHB Paul Long
|
0-0: Called Strike 0-1: Ground out 4-3 (Groundball, 4S, EV 89.4 MPH)
|
|
Batting: RHB Joe Sandoval
|
0-0: Called Strike 0-1: Foul Ball, location: 2F 0-2: Strikes out looking
|
|
Batting: RHB Travis Campbell
|
0-0: Swinging Strike 0-1: Ball 1-1: Ball 2-1: Foul Ball, location: 2F 2-2: Foul Ball, location: 2F 2-2: Strikes out swinging
|
| Top of the 7th over - 0 runs, 0 hits, 0 errors, 0 left on base; Lowell 0 - Spokane 14 |
| BOTTOM OF THE 7TH |
|
Spokane Indians batting - Pitching for Lowell Spinners : LHP Neil Palazzo
|
|
Pinch Hitting: RHB Mike Trujillo
|
0-0: Foul Ball, location: 2F 0-1: Foul Ball, location: 2F 0-2: Ball 1-2: Ball 2-2: Ground out 6-3 (Groundball, 6, EV 81.2 MPH)
|
|
Batting: LHB Dave Doughty
|
0-0: Foul Ball, location: 2F 0-1: Ball 1-1: Fly out, F5 (Popup, 5, EV 58.1 MPH)
|
|
Batting: LHB Mike Sammons
|
0-0: Ball 1-0: Called Strike 1-1: Ball 2-1: Swinging Strike 2-2: Strikes out swinging
|
| Bottom of the 7th over - 0 runs, 0 hits, 0 errors, 0 left on base; Lowell 0 - Spokane 14 |
| TOP OF THE 8TH |
|
Lowell Spinners batting - Pitching for Spokane Indians : RHP Chris Lincecum II
|
|
Now in CF: Mike Trujillo
|
|
|
Now in RF: Dave Doughty
|
|
|
Batting: RHB Dominique Paolozzi
|
0-0: Called Strike 0-1: Foul Ball, location: 2F 0-2: Ball 1-2: Ground out 6-3 (Groundball, 6MD, EV 86.2 MPH)
|
|
Pinch Hitting: RHB Alfredo Razo
|
0-0: Called Strike 0-1: Ball 1-1: Ground out 6-3 (Groundball, 6, EV 87.5 MPH)
|
|
Pinch Hitting: SHB Eric Evans
|
0-0: Called Strike 0-1: Foul Ball, location: 2F 0-2: Ball 1-2: Foul Ball, location: 2F 1-2: Ball 2-2: Ground out 6-3 (Groundball, 6D, EV 91.2 MPH)
|
| Top of the 8th over - 0 runs, 0 hits, 0 errors, 0 left on base; Lowell 0 - Spokane 14 |
| BOTTOM OF THE 8TH |
|
Spokane Indians batting - Pitching for Lowell Spinners : LHP Neil Palazzo
|
|
Now in CF: Alfredo Razo
|
|
|
Now in RF: Eric Evans
|
|
|
Batting: RHB Darnell Jones
|
0-0: Ball 1-0: Ball 2-0: Called Strike 2-1: Ball 3-1: Base on Balls
|
|
Batting: RHB Luis Reyna
|
0-0: SINGLE (Popup, 4MD, EV 53.8 MPH) Darnell Jones to second
|
|
Pinch Hitting: RHB Zach Koblinski
|
0-0: Called Strike 0-1: Ball 1-1: Ball 2-1: Foul Ball, location: 2F 2-2: Strikes out looking
|
|
Batting: RHB Orlando Melchor
|
0-0: Called Strike 0-1: Ball Wild Pitch! Darnell Jones to third Luis Reyna to second 1-1: Called Strike 1-2: Ball 2-2: Ball 3-2: Foul Ball, location: 2F 3-2: Foul Ball, location: 2F 3-2: Base on Balls
|
|
Pitching: LHP Joe Starcher
|
|
|
Batting: LHB Jesus Romero
|
0-0: Ball 1-0: Called Strike 1-1: Ball 2-1: Grounds into fielders choice 1-2 (Groundball, 13, EV 70.0 MPH) Luis Reyna to third Orlando Melchor to second
|
|
Pinch Hitting: RHB Roberto Contreras
|
0-0: Ball 1-0: Ball 2-0: Called Strike 2-1: Ball 3-1: Foul Ball, location: 2F 3-2: Base on Balls Luis Reyna scores Orlando Melchor to third Jesus Romero to second
|
|
Batting: RHB Mike Trujillo
|
0-0: Called Strike 0-1: Fielders Choice at 2nd, 6-4 (Groundball, 6, EV 86.2 MPH)
|
| Bottom of the 8th over - 1 run, 1 hit, 0 errors, 3 left on base; Lowell 0 - Spokane 15 |
| TOP OF THE 9TH |
|
Lowell Spinners batting - Pitching for Spokane Indians : RHP Chris Lincecum II
|
|
Now at 2B: Darnell Jones
|
|
|
Now at 3B: Roberto Contreras
|
|
|
Now at SS: Zach Koblinski
|
|
|
Pinch Hitting: RHB Jose Molina
|
0-0: Ball 1-0: Swinging Strike 1-1: Swinging Strike 1-2: Ball 2-2: Ball 3-2: Fly out, F9 (Line Drive, 9S, EV 99.4 MPH)
|
|
Pinch Hitting: RHB Scott Hawkins
|
0-0: Ball 1-0: Ball 2-0: Foul Ball, location: 2F 2-1: Called Strike 2-2: Strikes out swinging
|
|
Pinch Hitting: RHB Randy Schmitt
|
0-0: Called Strike 0-1: Ball 1-1: Ground out 5-3 (Groundball, 56, EV 80.6 MPH)
|
| Top of the 9th over - 0 runs, 0 hits, 0 errors, 0 left on base; Lowell 0 - Spokane 15 |
|